 Dungeon Crawl Stone Soup version 0.29.0-4-gdea44cf6ec (webtiles) character file.

Game seed: 5051649102737142257

1423 qw the Cleaver (level 8, -1/48 HPs)
             Began as a Tengu Warper on Aug 28, 2022.
             Slain by a necrophage (2 damage)
             ... on level 6 of the Dungeon.
             The game lasted 00:00:39 (5931 turns).

qw the Cleaver (Tengu Warper)                       Turns: 5931, Time: 00:00:39

Health: -1/48      AC: 12    Str: 15    XL:     8   Next: 72%
Magic:  12/12      EV:  5    Int: 13    God:
Gold:   334        SH:  7    Dex: 19    Spells: 11/11 levels left

rFire   . . .      SeeInvis .   Y - +3 war axe (freeze)
rCold   . . .      Faith    .   a - +2 buckler
rNeg    . . .      Spirit   .   p - +1 plate armour
rPois   .          Reflect  .   (helmet restricted)
rElec   .          Harm     .   (no cloak)
rCorr   .          Rampage  .   (no gloves)
Will    .....                   (boots unavailable)
Stlth   ..........              (no amulet)
HPRegen 0.16/turn               g - +6 ring of dexterity
MPRegen 0.13/turn               (no ring)

@: flying quickly and evasively, quick
A: beak, talons 3, nimble flight
a: no special abilities


You were on level 6 of the Dungeon.
You visited 1 branch of the dungeon, and saw 6 of its levels.

You collected 334 gold pieces.


Innate Abilities, Weirdness & Mutations

You have a beak for a mouth.
You have claws for feet.
Your magical nature lets you fly swiftly and evasively.


   Skills:
 - Level 4.0 Fighting
 + Level 9.4 Axes
 - Level 2.2 Throwing
 - Level 4.0 Armour
 - Level 2.1 Dodging
 - Level 2.4 Shields
 - Level 2.0 Spellcasting
 - Level 2.4 Translocations


You had 11 spell levels left.
You didn't know any spells.
Your spell library contained the following spells:

 Spells                   Type           Power      Damage    Failure   Level
 Blink                    Tloc           14%        N/A       100%        2
 Gell's Gravitas          Tloc           7%         N/A       100%        3
 Lesser Beckoning         Tloc           7%         N/A       100%        3
 Teleport Other           Tloc           7%         N/A       100%        3
 Manifold Assault         Tloc           7%         N/A       100%        5

Inventory:

Hand Weapons
 b - a +0 flail
 Y - a +3 war axe of freezing (weapon)
Missiles
 j - a silver javelin (quivered)
Armour
 a - a +2 buckler (worn)
 p - a +1 plate armour (worn)
Jewellery
 g - a +6 ring of dexterity (left hand)
Scrolls
 h - a scroll of identify
Potions
 c - a potion of mutation {unknown}
 i - a potion of flight {unknown}
 l - a potion of ambrosia {unknown}
 n - a potion of haste {unknown}

Dungeon Overview and Level Annotations

Branches:
Dungeon (6/15)
 Temple: D:4-7

Altars:
Dithmenos
Fedhas


Message History

You kill the kobold!
The kobold brigand hits you but does no damage.
You barely miss the kobold brigand. Your peck misses the kobold brigand.
The kobold brigand is almost dead.
You slash the kobold! You freeze the kobold.
You kill the kobold!
The kobold brigand barely misses you.
You closely miss the kobold brigand. Your peck misses the kobold brigand.
The kobold brigand is almost dead.
You miss something. Something hits you.
The kobold brigand hits you but does no damage.
You barely miss the kobold brigand. Your kick misses the kobold brigand.
The kobold brigand is almost dead.
You hit something. You freeze something.
Reactivating autopickup.
You feel a bit more experienced.
The kobold brigand hits you with a +0 whip.
You hit the kobold brigand but do no damage.
You peck the kobold brigand, but do no damage.
The kobold brigand is almost dead.
You hit the necrophage.
The necrophage hits you but does no damage.
The kobold brigand hits you but does no damage.
You closely miss the kobold brigand. Your kick misses the kobold brigand.
The kobold brigand is almost dead.
You hit the necrophage. The necrophage hits you.
The kobold brigand hits you with a +0 whip!
You hit the kobold brigand. You freeze the kobold brigand.
You kill the kobold brigand!
You hit the necrophage. You block the necrophage's attack.
You hit the necrophage. You claw the necrophage!
Your peck misses the necrophage.
The necrophage is severely damaged.
You slash the ogre! You freeze the ogre.
The ogre hits you with a +0 giant club!!
The necrophage barely misses you. The necrophage hits you.
You die...

......(.... .
.......###.!
##. .......# #.
#.. .......#
#.##.# ##
.......#
....####....
.......#
#..........
.......# #.#
...(. .......#
#.##......
.....#.#
####.@n...(..
######.#
#....#O.#....
#.#####.##...##
.
#.......##.###
##.#########
###


You could see an ogre and a necrophage.

Vanquished Creatures
  Duvessa (D:6)
  A black bear (D:4)
  An orc warrior (D:6)
  2 centaurs
  A kobold brigand (D:6)
  3 necrophages
  2 scorpions
  Dowan (D:6)
  A howler monkey (D:5)
  2 hounds (D:4)
  3 orc priests
  2 orc wizards
  2 iguanas (D:5)
  9 gnolls
  7 adders
  An ufetubus (D:6)
  2 worms
  2 dart slugs
  17 orcs
  6 ball pythons
  7 bats
  9 endoplasms
  4 giant cockroaches
  11 goblins
  4 hobgoblins
  5 jackals (D:1)
  13 kobolds
  A quokka (D:1)
  2 frilled lizards
  5 rats
127 creatures vanquished.

Vanquished Creatures (others)
  A plant (D:1)
1 creature vanquished.

Grand Total: 128 creatures vanquished

Notes
Turn   | Place    | Note
-------+----------+-------------------------------------------
     0 | D:1      | qw the Tengu Warper began the quest for the Orb.
     0 | D:1      | Reached XP level 1. HP: 12/12 MP: 4/4
     0 | D:1      | 0 ||| qw: Version: 0.1-a-89-g26bdef1
     0 | D:1      | 0 ||| qw: Game counter: 3027
     0 | D:1      | 0 ||| qw: Always use a shield: true
     0 | D:1      | 0 ||| qw: God list: Okawaru
     0 | D:1      | 0 ||| qw: Allow faded altars: false
     0 | D:1      | 0 ||| qw: Do Orc after D:15 true
     0 | D:1      | 0 ||| qw: Do second Lair branch before Depths: true
     0 | D:1      | 0 ||| qw: Lair rune preference: random
     0 | D:1      | 0 ||| qw: Plans: Normal
     0 | D:1      | 0 ||| PLANNING D:1-11
    10 | D:1      | HP: 3/12 [gnoll/+0 whip (4)]
    13 | D:1      | Reached skill level 3 in Axes
    13 | D:1      | Reached XP level 2. HP: 5/17 MP: 6/6
    33 | D:1      | 33 ||| Stepping ~*~*~tactically~*~*~ (hiding).
    34 | D:1      | 34 ||| Stepping ~*~*~tactically~*~*~ (hiding).
   350 | D:1      | 350 ||| Stepping ~*~*~tactically~*~*~ (stealth).
   463 | D:1      | Found a faded altar of an unknown god.
   548 | D:1      | Reached XP level 3. HP: 21/21 MP: 7/7
   715 | D:1      | Reached skill level 4 in Axes
  1342 | D:1      | Reached XP level 4. HP: 26/26 MP: 8/8
  1582 | D:1      | 1582 ||| UPGRADING to +6 ring of dexterity.
  1583 | D:1      | 1583 ||| READING scroll labelled VODUABEDAO.
  1584 | D:1      | 1584 ||| READING 2 scrolls labelled MEOC WON KUG.
  1585 | D:1      | 1585 ||| READING 2 scrolls labelled VACUX KEFFE.
  1586 | D:1      | 1586 ||| READING scroll labelled ZIDWION MAIDDEM.
  1590 | D:1      | 1590 ||| DROPPING scroll of blinking.
  1591 | D:1      | 1591 ||| DROPPING scroll of poison.
  1613 | D:2      | 1613 ||| STAIRDANCE
  1803 | D:2      | 1803 ||| Stepping ~*~*~tactically~*~*~ (stealth).
  1806 | D:2      | 1806 ||| Stepping ~*~*~tactically~*~*~ (stealth).
  1807 | D:2      | 1807 ||| Stepping ~*~*~tactically~*~*~ (stealth).
  1821 | D:2      | 1821 ||| FLEEEEING.
  1822 | D:2      | 1822 ||| FLEEEEING.
  1823 | D:2      | 1823 ||| FLEEEEING.
  1824 | D:2      | 1824 ||| FLEEEEING.
  1825 | D:2      | 1825 ||| FLEEEEING.
  1826 | D:2      | 1826 ||| FLEEEEING.
  1861 | D:2      | 1861 ||| Stepping ~*~*~tactically~*~*~ (stealth).
  1863 | D:2      | 1863 ||| Stepping ~*~*~tactically~*~*~ (stealth).
  1864 | D:2      | 1864 ||| Stepping ~*~*~tactically~*~*~ (stealth).
  1865 | D:2      | 1865 ||| Stepping ~*~*~tactically~*~*~ (stealth).
  1885 | D:2      | 1885 ||| Stepping ~*~*~tactically~*~*~ (stealth).
  1921 | D:2      | 1921 ||| Stepping ~*~*~tactically~*~*~ (stealth).
  1925 | D:2      | 1925 ||| Stepping ~*~*~tactically~*~*~ (stealth).
  1929 | D:2      | 1929 ||| FLEEEEING.
  1930 | D:2      | 1930 ||| FLEEEEING.
  1931 | D:2      | 1931 ||| FLEEEEING.
  1934 | D:2      | 1934 ||| FLEEEEING.
  1935 | D:2      | 1935 ||| FLEEEEING.
  1936 | D:2      | 1936 ||| FLEEEEING.
  1937 | D:2      | 1937 ||| FLEEEEING.
  1938 | D:2      | 1938 ||| FLEEEEING.
  1991 | D:2      | 1991 ||| Stepping ~*~*~tactically~*~*~ (stealth).
  2080 | D:2      | Reached skill level 5 in Axes
  2527 | D:2      | 2527 ||| UPGRADING to +2 buckler.
  2532 | D:2      | 2532 ||| UPGRADING to +0 chain mail.
  2542 | D:2      | 2542 ||| DROPPING +0 leather armour.
  2543 | D:2      | 2543 ||| READING 4 scrolls labelled VIOTERCH YNOU.
  2544 | D:2      | 2544 ||| DROPPING 3 scrolls of fear.
  2702 | D:3      | Reached skill level 1 in Shields
  2731 | D:3      | Gained mutation: Your magical nature lets you fly swiftly
                  | and evasively. [Tengu growth]
  2731 | D:3      | Reached XP level 5. HP: 20/30 MP: 9/9
  2935 | D:3      | 2935 ||| SWAPPING to +0 war axe.
  2936 | D:3      | 2936 ||| DROPPING +0 hand axe.
  3028 | D:3      | Found a shadowy altar of Dithmenos.
  3035 | D:3      | 3035 ||| READING scroll labelled DABLAPLAJIWN.
  3036 | D:3      | 3036 ||| READING scroll labelled REUNEH WOGUTH.
  3037 | D:3      | 3037 ||| DRINKING 2 inky potions.
  3038 | D:3      | 3038 ||| DROPPING potion of brilliance.
  3116 | D:4      | 3116 ||| SWAPPING to +2 war axe of freezing.
  3117 | D:4      | 3117 ||| DROPPING +0 war axe.
  3176 | D:4      | Reached skill level 6 in Axes
  3193 | D:4      | 3193 ||| Stepping ~*~*~tactically~*~*~ (hiding).
  3209 | D:4      | 3209 ||| Stepping ~*~*~tactically~*~*~ (hiding).
  3258 | D:4      | Reached XP level 6. HP: 35/35 MP: 10/10
  3493 | D:4      | 3493 ||| Stepping ~*~*~tactically~*~*~ (hiding).
  3496 | D:4      | Noticed a black bear
  3501 | D:4      | Reached skill level 7 in Axes
  3506 | D:4      | Killed a black bear
  3507 | D:4      | Reached skill level 3 in Fighting
  3507 | D:4      | Reached XP level 7. HP: 20/41 MP: 11/11
  3507 | D:4      | 3507 ||| FLEEEEING.
  3508 | D:4      | 3508 ||| FLEEEEING.
  3509 | D:4      | 3509 ||| FLEEEEING.
  3510 | D:4      | 3510 ||| FLEEEEING.
  3511 | D:4      | 3511 ||| FLEEEEING.
  3512 | D:4      | 3512 ||| FLEEEEING.
  3513 | D:4      | 3513 ||| FLEEEEING.
  3514 | D:4      | 3514 ||| FLEEEEING.
  3516 | D:4      | 3516 ||| FLEEEEING.
  3519 | D:4      | 3519 ||| FLEEEEING.
  3521 | D:4      | 3521 ||| FLEEEEING.
  3523 | D:4      | 3523 ||| FLEEEEING.
  3524 | D:4      | 3524 ||| FLEEEEING.
  3525 | D:4      | 3525 ||| FLEEEEING.
  3526 | D:4      | 3526 ||| FLEEEEING.
  3527 | D:4      | 3527 ||| FLEEEEING.
  3528 | D:4      | 3528 ||| FLEEEEING.
  3530 | D:4      | 3530 ||| FLEEEEING.
  3531 | D:4      | 3531 ||| FLEEEEING.
  3535 | D:4      | 3535 ||| FLEEEEING.
  3536 | D:4      | 3536 ||| FLEEEEING.
  3537 | D:4      | 3537 ||| FLEEEEING.
  3538 | D:4      | 3538 ||| FLEEEEING.
  3539 | D:4      | 3539 ||| FLEEEEING.
  3540 | D:4      | 3540 ||| FLEEEEING.
  3541 | D:4      | 3541 ||| FLEEEEING.
  3542 | D:4      | 3542 ||| FLEEEEING.
  3543 | D:4      | 3543 ||| FLEEEEING.
  3544 | D:4      | 3544 ||| FLEEEEING.
  3551 | D:4      | 3551 ||| STAIRDANCE
  3667 | D:3      | 3667 ||| DROPPING +1 scale mail of cold resistance.
  3668 | D:3      | 3668 ||| UPGRADING to +0 plate armour.
  3678 | D:3      | 3678 ||| DROPPING +0 chain mail.
  3679 | D:3      | 3679 ||| READING scroll of enchant armour.
  3679 | D:3      | 3679 ||| ENCHANTING +0 plate armour.
  3680 | D:3      | 3680 ||| READING scroll labelled LYDUIHEUNT.
  3681 | D:3      | 3681 ||| READING scroll labelled NOHO CAUNUAMO.
  3682 | D:3      | 3682 ||| READING scroll labelled FISIEPATIC.
  3683 | D:3      | 3683 ||| READING 2 scrolls of identify.
  3683 | D:3      | 3683 ||| IDENTIFYING lumpy black potion
  3684 | D:3      | 3684 ||| DROPPING potion of attraction.
  3973 | D:5      | Entered Level 5 of the Dungeon
  4086 | D:5      | 4086 ||| DROPPING +0 whip.
  4133 | D:5      | 4133 ||| Stepping ~*~*~tactically~*~*~ (hiding).
  4250 | D:5      | 4250 ||| FLEEEEING.
  4259 | D:5      | 4259 ||| Stepping ~*~*~tactically~*~*~ (hiding).
  4267 | D:5      | Reached skill level 3 in Armour
  4267 | D:5      | 4267 ||| Stepping ~*~*~tactically~*~*~ (stealth).
  4271 | D:5      | 4271 ||| Stepping ~*~*~tactically~*~*~ (stealth).
  4404 | D:5      | Found a blossoming altar of Fedhas.
  4842 | D:5      | 4842 ||| Stepping ~*~*~tactically~*~*~ (hiding).
  4843 | D:5      | 4843 ||| Stepping ~*~*~tactically~*~*~ (hiding).
  5046 | D:5      | 5046 ||| Stepping ~*~*~tactically~*~*~ (stealth).
  5504 | D:6      | Noticed Duvessa
  5506 | D:6      | Noticed Dowan
  5507 | D:6      | 5507 ||| Stepping ~*~*~tactically~*~*~ (hiding).
  5518 | D:6      | Killed Duvessa
  5519 | D:6      | Reached skill level 8 in Axes
  5519 | D:6      | Reached XP level 8. HP: 45/46 MP: 12/12
  5520 | D:6      | Killed Dowan
  5537 | D:6      | 5537 ||| Stepping ~*~*~tactically~*~*~ (hiding).
  5539 | D:6      | 5539 ||| Stepping ~*~*~tactically~*~*~ (hiding).
  5574 | D:6      | 5574 ||| FLEEEEING.
  5575 | D:6      | 5575 ||| FLEEEEING.
  5577 | D:6      | 5577 ||| STAIRDANCE
  5613 | D:6      | 5613 ||| STAIRDANCE
  5629 | D:6      | 5629 ||| FLEEEEING.
  5630 | D:6      | 5630 ||| STAIRDANCE
  5702 | D:6      | Reached skill level 9 in Axes
  5702 | D:6      | 5702 ||| STAIRDANCE
  5745 | D:6      | 5745 ||| STAIRDANCE
  5753 | D:6      | 5753 ||| STAIRDANCE
  5824 | D:6      | 5824 ||| Stepping ~*~*~tactically~*~*~ (stealth).
  5914 | D:6      | 5914 ||| Stepping ~*~*~tactically~*~*~ (hiding).
  5915 | D:6      | 5915 ||| FLEEEEING.
  5916 | D:6      | 5916 ||| Stepping ~*~*~tactically~*~*~ (hiding).
  5919 | D:6      | Identified the ring of Ocvuogeg {Int+6 Dex+2}
  5931 | D:6      | HP: 1/48 [ogre/+0 giant club (18)]
  5931 | D:6      | Slain by a necrophage

Levels and vault maps discovered:
D:1:      giann_bridges, layout_basic, hellmonk_ecumenical_altar_blasted,
          minmay_misc_feat_iff
D:2:      layout_rooms, roderic_lattice_a
D:3:      layout_rooms, mainiacjoe_overflow_alcove_2
D:4:      layout_loops_ring, st_stairs_5
D:5:      layout_basic, amcnicky_altar_gilded
D:6:      layout_rooms, uniq_duvessa

Skill      XL: |  1  2  3  4  5  6  7  8 |
---------------+-------------------------+-----
Axes           | 3 4 5 6 7 8 9 |  9.4
Shields        | 1 2 |  2.4
Armour         | 2 3 4 |  4.0
Fighting       | 3 4 |  4.0
Throwing       | 2 |  2.2
Dodging        | |  2.1
Spellcasting   | |  2.0
Translocations | |  2.4

Action                   |  1- 3 |  4- 6 |  7- 9 || total
-------------------------+-------+-------+-------++-------
Melee: Hand axe          |    68 |    64 |       ||   132
       Kick              |    21 |    25 |    28 ||    74
       Peck              |    15 |    12 |    17 ||    44
       Punch             |     1 |       |       ||     1
       War axe           |       |    39 |   105 ||   144
Throw: Boomerang         |     7 |       |       ||     7
       Javelin           |       |    21 |    33 ||    54
  Use: Scroll            |       |     7 |     5 ||    12
       Potion            |       |     1 |       ||     1
 Stab: Distracted        |       |     1 |       ||     1
Armor: Leather armour    |    16 |     4 |       ||    20
       Chain mail        |       |    34 |     1 ||    35
       Plate armour      |       |       |    47 ||    47
Dodge: Dodged            |    29 |    37 |    16 ||    82
Block: Buckler           |       |    25 |    27 ||    52

Table legend:
 A = Non-vault XP
 B = Vault XP
 C = Vault XP percentage of total XP
 D = Non-vault monster count
 E = Vault monster count
 F = Vault count percentage of total count
                 A         B        C        D         E       F
            +---------+---------+-------+---------+---------+-------
      Total |    1687 |     347 |  17.1 |     122 |       5 |   3.9
            +---------+---------+-------+---------+---------+-------
        D:1 |      85 |       0 |   0.0 |      32 |       0 |   0.0
        D:2 |      37 |       0 |   0.0 |      19 |       0 |   0.0
        D:3 |      74 |       0 |   0.0 |      11 |       0 |   0.0
        D:4 |     396 |     135 |  25.4 |      15 |       3 |  16.7
        D:5 |     554 |       0 |   0.0 |      26 |       0 |   0.0
        D:6 |     541 |     212 |  28.2 |      19 |       2 |   9.5
            +---------+---------+-------+---------+---------+-------
